 Dungeon Crawl Stone Soup version 0.16-a0-4112-g89a4107 (webtiles) character file.

166 Ololoev the Skirmisher (level 5, 0/41 HPs)
             Began as a Mummy Chaos Knight on Feb 27, 2015.
             Slain by an orc priest
             ... wielding a +0 trident
              (4 damage)
             ... on level 3 of the Dungeon.
             The game lasted 00:05:44 (2274 turns).

Ololoev the Skirmisher (Mummy Chaos Knight)         Turns: 2274, Time: 00:05:44

Health: 0/41       AC:  5    Str: 15    XL:     5   Next: 22%
Magic:  5/6        EV: 11    Int: 12    God:    Xom [..*...]
Gold:   138        SH:  0    Dex: 11    Spells: 0 memorised, 4 levels left

rFire  x . .     SeeInvis .     a - +0 hand axe (chaos)
rCold  + . .     Clarity  .     b - +2 leather armour
rNeg   + + +     SustAb   .     (no shield)
rPois  ∞         Gourm    .     (no helmet)
rElec  .         Spirit   .     (no cloak)
rCorr  .         Warding  .     (no gloves)
rMut   .         Stasis   .     (no boots)
MR     .....                    (no amulet)
Stlth  +.........               (no ring)
                                (no ring)

@: slowed, very slow, not resistant to hostile enchantments, very unstealthy
A: no food or potions, fire vulnerability, restore body, cold resistance 1,
negative energy resistance 3, poison resistance, torment resistance, unbreathing
a: Renounce Religion


You were on level 3 of the Dungeon.
You worshipped Xom.
You were a toy of Xom.
You were not hungry.

You visited 1 branch of the dungeon, and saw 3 of its levels.

You collected 138 gold pieces.

Notes
Turn   | Place    | Note
--------------------------------------------------------------
     0 | D:1      | Ololoev, the Mummy Chaos Knight, began the quest for the Orb.
     0 | D:1      | Reached XP level 1. HP: 18/18 MP: 1/1
    74 | D:1      | Found a glowing golden altar of the Shining One.
   200 | D:1      | Reached XP level 2. HP: 21/24 MP: 2/2
   478 | D:1      | Reached XP level 3. HP: 27/29 MP: 3/3
   495 | D:1      | Reached skill level 1 in Dodging
   781 | D:2      | XOM: smoke on damage
   836 | D:2      | XOM: harmless Fire miscast
  1185 | D:2      | Reached XP level 4. HP: 36/36 MP: 4/4
  1440 | D:2      | XOM: harmless Pois miscast
  1634 | D:2      | Reached skill level 1 in Evocations
  1687 | D:2      | XOM: divination: magic mapping
  1706 | D:2      | XOM: cast spell 'Confusing Touch'
  1936 | D:2      | XOM: noise
  2189 | D:3      | XOM: harmless Pois miscast
  2269 | D:3      | Reached XP level 5. HP: 38/41 MP: 4/6
  2274 | D:3      | Slain by an orc priest

Inventory:

Hand weapons
 a - a +0 hand axe of chaos (weapon)
Armour
 b - a +2 leather armour (worn)
Magical devices
 h - a wand of random effects (15)
Scrolls
 c - a scroll of immolation {unknown}
 d - 2 scrolls of identify {unknown}
 e - a scroll of enchant armour {unknown}
 f - a scroll of random uselessness {unknown}
 g - a scroll of recharging {unknown}
 i - a scroll of fog {unknown}
 j - a scroll of blinking {unknown}

Table legend:
 A = Turns spent in this place as a percentage of turns spent in the entire game.
 B = Non-inter-level travel turns spent in this place as a percentage of non-inter-level travel turns spent in the entire game.
 C = Inter-level travel turns spent in this place as a percentage of turns spent in this place.
 D = Turns resting spent in this place as a percentage of non-inter-level travel turns spent in this place.
 E = Turns spent auto-exploring this place as a percentage of non-inter-level travel turns spent in this place.
 F = Non-inter-level travel turns spent in this place divided by the number of levels of this place that you've seen.
                   A       B       C       D       E      F
               +-------+-------+-------+-------+-------+----------------------
         Total | 100.0 | 100.0 |   0.2 |   1.9 |  11.6 | 283.7
       Dungeon | 100.0 | 100.0 |   0.2 |   1.9 |  11.6 | 283.7
               +-------+-------+-------+-------+-------+----------------------


   Skills:
 - Level 3.6 Fighting
 * Level 3.3 Axes
 + Level 2.2 Armour
 - Level 1.8 Dodging
 - Level 0.3 Stealth
 * Level 1.7 Evocations


You had 4 spell levels left.
You didn't know any spells.

Dungeon Overview and Level Annotations

Branches:
Dungeon (3/15)

Altars:
The Shining One


Innate Abilities, Weirdness & Mutations

You do not eat or drink.
Your flesh is vulnerable to fire.
Your flesh is cold resistant.
You are immune to negative energy.
Your system is resistant to poisons.
You are immune to unholy pain and torment.
You can survive without breathing.


Message History

The orc wizard blinks!
You barely miss the orc.
The orc wizard hits you but does no damage.
The orc barely misses you.
You hit the orc wizard.
There is a sudden explosion of sparks!
You kill the orc wizard!
You have reached level 5!
You barely miss the orc. The orc closely misses you.
The rat closely misses you.
You slash the rat!
You kill the rat!
You completely miss the orc. The orc barely misses you.
A rat comes into view.
You closely miss the orc. You hit the orc.
You feel better.
The orc is almost dead.
The orc barely misses you. The orc hits you but does no damage.
The orc closely misses you.
Unknown command.
You hit the orc. You drain the orc!
The orc is moderately wounded.
You hit the orc but do no damage. You hit the orc. You burn the orc.
You kill the orc!
The orc hits you with a morningstar! The orc barely misses you.
The orc priest calls upon Beogh to heal the orc.
The orc's wounds heal themselves!
The orc hits you with a morningstar! The orc barely misses you.
You hit the orc but do no damage.
The orc is poisoned.
You hit the orc.
The orc is moderately wounded.
The orc priest hits you from afar with a trident.
The orc closely misses you. The orc barely misses you. The orc hits you.
The orc priest hits you from afar with a trident!
Unknown command.
You closely miss the orc.
The orc is moderately wounded.
You barely miss the orc.
The orc is moderately wounded.
The orc misses you. The orc barely misses you.
The orc priest hits you from afar with a trident.
You die...
Xom cackles wildly!

##.......# #.........#
#.........# #.........#
#.........# #.........#
## ####.........#
.#####.........)†)#######
.##......†...$..@oor.....
....†...........>o######.
.##.############### .##.#
.##.# †...# .##.# .####
.# #####


You could see an orc priest, 2 orcs and a rat.

Table legend:
 A = Kills in this place as a percentage of kills in entire the game.
 B = Kills by you in this place as a percentage of kills by you in the entire game.
 C = Kills by friends in this place as a percentage of kills by friends in the entire game.
 D = Other kills in this place as a percentage of other kills in the entire game.
 E = Experience gained in this place as a percentage of experience gained in the entire game.
 F = Experience gained in this place divided by the number of levels of this place that you have seen.
                   A       B       C       D       E      F
               +-------+-------+-------+-------+-------+----------------------
         Total | 100.0 | 100.0 |  -nan |  -nan | 100.0 |  79.3
       Dungeon | 100.0 | 100.0 |  -nan |  -nan | 100.0 |  79.3
               +-------+-------+-------+-------+-------+----------------------

Vanquished Creatures
  An orc wizard (D:3)
  A gnoll (D:1)
  6 adders (D:2)
  A worm (D:2)
  2 giant geckos
  An orc (D:3)
  10 bats
  8 goblins
  11 hobgoblins
  3 jackals (D:2)
  2 ball pythons (D:2)
  5 giant cockroaches
  3 giant newts
  8 kobolds
  A quokka (D:2)
  8 rats
71 creatures vanquished.

Action                   |  1- 3 |  4- 6 || total
-------------------------+-------+-------++-------
Melee: Hand axe          |   105 |   120 ||   225
 Stab: Paralysed         |     1 |       ||     1

Vault maps used:
D:1:      minmay_arrival_diagonal_passages, tso_metal_star
D:2:      kennysheep_generic_room_15
D:3:      lemuel_coloured_pillars_altar, kennysheep_generic_room_3
